 Dungeon Crawl Stone Soup version 0.20.1-1-g8b1a95d (webtiles) character file.

251 Schiappus the Chopper (level 5, -9/42 HPs)
             Began as a Demonspawn Berserker on Sept 18, 2017.
             Was a Believer of Trog.
             Killed by divine providence
             ... invoked by an orc priest
              (15 damage)
             ... on level 4 of the Dungeon.
             The game lasted 00:11:03 (2737 turns).

Schiappus the Chopper (Demonspawn Berserker)        Turns: 2737, Time: 00:11:03

Health: -9/42      AC:  9    Str: 18    XL:     5   Next: 88%
Magic:  14/14      EV: 13    Int:  8    God:    Trog [**....]
Gold:   115        SH:  0    Dex: 13    Spells: 4/4 levels left

rFire    . . .     SeeInvis .   a - +1 hand axe
rCold    . . .     Gourm    .   (no shield)
rNeg     . . .     Faith    .   b - +0 animal skin
rPois    +         Spirit   .   j - +0 helmet
rElec    .         Reflect  .   (no cloak)
rCorr    .         Harm     .   (no gloves)
MR       .....                  (no boots)
Stlth    +.........             k - amulet of rage
Regen    0.2/turn               l - ring of poison resistance
MPRegen  0.2/turn               h - ring of magical power

@: sanguine armour
A: hooves 1, sanguine armour 1
a: Berserk, Trog's Hand, Burn Spellbooks, Renounce Religion, Evoke Berserk Rage


You were on level 4 of the Dungeon.
You worshipped Trog.
Trog was pleased with you.
You were not hungry.

You visited 1 branch of the dungeon, and saw 4 of its levels.

You collected 115 gold pieces.

Inventory:

Hand Weapons
 a - a +1 hand axe (weapon)
Armour
 b - a +0 animal skin (worn)
 j - a +0 helmet (worn)
Jewellery
 h - a ring of magical power (right hand)
 k - an amulet of rage (around neck)
 l - a ring of poison resistance (left hand)
Scrolls
 d - a scroll of identify
 g - a scroll of remove curse
Potions
 e - a potion of flight
 i - a potion of heal wounds
Comestibles
 c - 4 bread rations


   Skills:
 + Level 3.9 Fighting
 + Level 4.5 Axes
 + Level 2.0 Armour
 + Level 3.3 Dodging
 + Level 0.6 Stealth


You had 4 spell levels left.
You didn't know any spells.

Dungeon Overview and Level Annotations

Branches:
Dungeon (4/15)
 Temple: D:4-7

Altars:
Makhleb
Ru
Sif Muna
Uskayaw
Xom

Annotations:
D:2 Natasha


Innate Abilities, Weirdness & Mutations

You have large cloven feet.
When seriously injured, your bleeding wounds create armour. (AC +6)


Message History

You hear some strange, mumbled words.
A puff of flame appears from out of thin air!
The puff of flame hits you!
You barely miss something. Something hits you but does no damage.
You hit something. Your kick misses something.
Something hits you but does no damage.
You miss something. Something hits you!
* * * LOW HITPOINT WARNING * * *
You hit something. Something hits you but does no damage.
The orc priest invokes the aid of Beogh against you.
Reactivating autopickup.
You feel a bit more experienced.
The orc priest invokes the aid of Beogh against you.
Pain shoots through your body!
* * * LOW HITPOINT WARNING * * *
Items here: ))) [ †† You barely miss the orc priest.
Your kick misses the orc priest.
The orc priest invokes the aid of Beogh against you.
Beogh smites you!
You die...

.. ..... #
#. ....#
#.##.##.#.##
.........##
#......#.#..
#...........
#..<..#.#.#
#..o>.....#
###@#.#####
#.#.# #.# #
#.# ..# ....
#####


You could see an orc priest.

Vanquished Creatures
  A crimson imp (D:3)
  An orc priest (D:4)
  Natasha (twice) (D:2)
  6 adders
  3 worms
  A leopard gecko (D:1)
  2 orcs
  2 giant cockroaches
  6 goblins
  6 hobgoblins
  6 jackals (D:1)
  5 kobolds
  2 quokkas (D:3)
  6 bats
  2 frilled lizards
  6 rats
57 creatures vanquished.

Vanquished Creatures (others)
  An orc wizard (D:4)
1 creature vanquished.

Grand Total: 58 creatures vanquished

Notes
Turn   | Place    | Note
-------+----------+-------------------------------------------
     0 | D:1      | Schiappus the Demonspawn Berserker began the quest for the Orb.
     0 | D:1      | Reached XP level 1. HP: 18/18 MP: 1/1
   166 | D:1      | Reached skill level 3 in Axes
   166 | D:1      | Gained mutation: When seriously injured, your bleeding wounds create armour. (AC +6) [demonic ancestry]
   166 | D:1      | Reached XP level 2. HP: 11/24 MP: 2/2
   917 | D:2      | Found a sacrificial altar of Ru.
   924 | D:2      | Gained mutation: You have large cloven feet. [demonic ancestry]
   924 | D:2      | Reached XP level 3. HP: 8/29 MP: 3/3
  1273 | D:2      | Found a hide-covered altar of Uskayaw.
  1493 | D:2      | Reached ** piety under Trog
  1501 | D:2      | Reached XP level 4. HP: 5/35 MP: 4/4
  1673 | D:2      | Noticed Natasha
  1678 | D:2      | Killed Natasha
  1722 | D:2      | Noticed Natasha
  1738 | D:2      | Killed Natasha
  1810 | D:2      | Found a deep blue altar of Sif Muna.
  1852 | D:2      | Noticed Natasha
  1934 | D:3      | Reached skill level 4 in Axes
  1984 | D:3      | Reached XP level 5. HP: 32/41 MP: 5/5
  2599 | D:3      | Found a shimmering altar of Xom.
  2600 | D:3      | Found a burning altar of Makhleb.
  2737 | D:4      | Killed from afar by an orc priest

Skill      XL: |  1  2  3  4  5 |
---------------+----------------+-----
Armour         | 2 |  2.0
Axes           | 3 4 |  4.5
Dodging        | 2 3 |  3.3
Fighting       | |  3.9
Stealth        | |  0.6

Action                   |  1- 3 |  4- 6 || total
-------------------------+-------+-------++-------
Melee: Hand axe          |   148 |    86 ||   234
       Kick              |     8 |    19 ||    27
  Use: Scroll            |       |     6 ||     6
       Potion            |       |     3 ||     3
  Eat: Meat ration       |     1 |       ||     1
       Bread ration      |       |     1 ||     1
Armor: Animal skin       |    36 |    23 ||    59
Dodge: Dodged            |   127 |    45 ||   172
